 Dungeon Crawl Stone Soup version 0.26.1-12-g5ba1501909 (webtiles) character file.

Game seed: 12111508824818615100

88 Zeld the Insei (level 4, -3/29 HPs)
             Began as an Octopode Transmuter on Oct 24, 2021.
             Hit by a boomerang thrown by an orc (6 damage)
             ... on level 3 of the Dungeon.
             The game lasted 00:02:09 (2638 turns).

Zeld the Insei (Octopode Transmuter)                Turns: 2638, Time: 00:02:10

Health: -3/29      AC:  1    Str: 10    XL:     4   Next: 54%
Magic:  7/7        EV: 13    Int: 15    God:
Gold:   134        SH:  0    Dex: 12    Spells: 1/7 levels left

rFire    . . .     SeeInvis .     - Unarmed
rCold    + . .     Faith    .   (no shield)
rNeg     . . .     Spirit   .   (helmet restricted)
rPois    +         Reflect  .   (no amulet)
rElec    .         Harm     .   d - ring of protection from cold
rCorr    +         Rampage  .   j - ring of resist corrosion
Will     .....                  k - ring of poison resistance
Stlth    ++........             (no ring)
HPRegen  0.09/turn              (no ring)
MPRegen  0.10/turn              (no ring)
                                (no ring)
                                (no ring)

@: no status effects
A: almost no armour, stealthy swim, amphibious, 8 rings, constrict 8, camouflage
1, gelatinous body 1
a: no special abilities


You were on level 3 of the Dungeon.
You visited 1 branch of the dungeon, and saw 3 of its levels.

You collected 134 gold pieces.

Inventory:

Jewellery
 d - a ring of protection from cold (left tentacle)
 j - a ring of resist corrosion (right tentacle)
 k - a ring of poison resistance (on tentacle)
Scrolls
 a - a scroll of fear {unknown}
 c - a scroll of blinking {unknown}
 f - 2 scrolls of noise {unknown}
 g - a scroll of random uselessness {unknown}
 h - 2 scrolls of teleportation {unknown}
 i - 2 scrolls of identify {unknown}
 l - 2 scrolls of immolation {unknown}
 p - a scroll of fog {unknown}
Potions
 b - 2 potions of brilliance {unknown}
 e - a potion of ambrosia {unknown}
 m - a potion of curing {unknown}
 n - a potion of lignification {unknown}
 o - 2 potions of heal wounds {unknown}


   Skills:
 + Level 1.7 Fighting
 + Level 2.4 Dodging
 * Level 3.7 Unarmed Combat
 + Level 2.4 Spellcasting
 * Level 3.0 Transmutations
 + Level 0.5 Poison Magic


You had one spell level left.
You knew the following spells:

 Your Spells              Type           Power        Failure   Level
a - Beastly Appendage     Tmut           20%          6%          1
b - Wereblood             Tmut           10%          10%         2
c - Spider Form           Tmut/Pois      3%           30%         3

Your spell library contained the following spells:

 Spells                   Type           Power        Failure   Level
 Ice Form                 Ice/Tmut       6%           75%         4
 Blade Hands              Tmut           5%           86%         5


Dungeon Overview and Level Annotations

Branches:
Dungeon (3/15)

Altars:


Innate Abilities, Weirdness & Mutations

You cannot wear most types of armour.
You are very stealthy in the water. (Stealth+)
You are amphibious.
You can wear up to eight rings at the same time.
You can use your tentacles to constrict eight enemies at once.
Your skin changes colour to match your surroundings (Stealth+).
Your rubbery body absorbs attacks. (AC +1, EV +1)


Message History

You tentacle-slap the jackal.
You kill the jackal!
Unknown command.
You tentacle-slap the quokka. Your grab misses the quokka.
The quokka is almost dead.
The quokka barely misses you. x2
Unknown command.
You miss the quokka. Your grab misses the quokka.
The quokka is almost dead.
Your tentacle spike disappears.
The quokka barely misses you.
Unknown command.
You closely miss the quokka. You grab the quokka. You squeeze the quokka.
You kill the quokka!
Your Transmutations skill increases to level 3!
The orc throws a boomerang.
The boomerang closely misses you.
The weapon returns to the orc!
The orc wizard casts a spell.
The orc wizard blinks!
The orc throws a boomerang.
The boomerang hits you.
You die...

### ### # ###### #.. ..# ##.
....####### #.# #.# #...
..#.......# #.# #.#
#...##.#.[..>..# #.# #.###
##......#..# #..###.# #....
#......o#..# #......#####....
#......§o^.###..###.......†..
#..$...r#...@...# #.....#.###
#.##....#.......# ##.#.##.#
#.##r######### #.#.##†# #.
... #......# # . .$#
#......### # #### ###.#####.
..# ## #### # ########


You could see 2 orcs.

Vanquished Creatures
  2 adders (D:2)
  An ooze (D:2)
  2 worms (D:2)
  3 dart slugs
  A leopard gecko (D:3)
  2 orcs (D:3)
  4 bats
  A giant cockroach (D:2)
  8 goblins
  2 hobgoblins (D:2)
  7 jackals
  4 quokkas
  2 ball pythons (D:2)
  6 kobolds
  4 rats
49 creatures vanquished.

Notes
Turn   | Place    | Note
-------+----------+-------------------------------------------
     0 | D:1      | Zeld the Octopode Transmuter began the quest for the Orb.
     0 | D:1      | Reached XP level 1. HP: 13/13 MP: 3/3
   113 | D:1      | Reached XP level 2. HP: 15/18 MP: 3/5
   116 | D:1      | Learned a level 2 spell: Wereblood
  1320 | D:2      | Reached XP level 3. HP: 18/23 MP: 3/6
  1327 | D:2      | Learned a level 3 spell: Spider Form
  1748 | D:2      | Reached XP level 4. HP: 20/28 MP: 5/7
  2638 | D:3      | Hit by a boomerang thrown by an orc

Illustrated notes

Levels and vault maps discovered:
D:1:      heliophobic_arrival_glass_houses, layout_basic,
          grunt_decor_mini_mirrors
D:2:      layout_rooms, minmay_pentomino_z2
D:3:      layout_loops_cross

Skill      XL: |  1  2  3  4 |
---------------+-------------+-----
Transmutations | 3 |  3.0
Fighting       | |  1.7
Dodging        | |  2.4
Unarmed Combat | |  3.7
Spellcasting   | |  2.4
Poison Magic   | |  0.5

Action                   |  1- 3 |  4- 6 || total
-------------------------+-------+-------++-------
Melee: Unarmed           |    63 |    38 ||   101
       Constrict         |    23 |    15 ||    38
       Kick              |    14 |    14 ||    28
       Punch             |     5 |     1 ||     6
       Tentacles         |     7 |     3 ||    10
 Cast: Beastly Appendage |    20 |    10 ||    30
       Wereblood         |     1 |       ||     1
 Stab: Sleeping          |       |     2 ||     2
Armor: Skin              |     4 |     4 ||     8
Dodge: Dodged            |    62 |    30 ||    92
